 Dungeon Crawl Stone Soup version 0.32-a0-768-g0f6f1dd4b9 (webtiles) character file.

Game seed: 2668352594737316226

7 dolemite99 the Cudgeller (level 2, -1/36 HPs)
             Began as a Coglin Berserker on Mar 18, 2024.
             Was a Follower of Trog.
             Slain by a hobgoblin (4 damage)
             ... on level 1 of the Dungeon.
             The game lasted 00:00:20 (213 turns).

dolemite99 the Cudgeller (Coglin Berserker)          Turns: 213, Time: 00:00:21

Health: -1/36      AC:  2    Str: 17    XL:     2   Next: 4%
Magic:  2/2        EV: 11    Int:  6    God:    Trog [*.....]
Gold:   13         SH:  0    Dex: 13    Spells: 1/1 levels left

rFire   . . .        a - +0 mace {Bojana}
rCold   . . .        c - +0 dagger {Kun}
rNeg    . . .        b - +0 animal skin
rPois   .            (no helmet)
rElec   .            (no cloak)
rCorr   .            (no gloves)
SInv    .            (no boots)
Will    .....        (amulet unavailable) Stlth
                     (ring unavailable)
HPRegen 0.26/turn    (ring unavailable)
MPRegen 0.08/turn    (no gizmo)

%: no passive effects
@: berserking, revving, very quick
A: off-hand wielding, slow wielding, warmup strikes, no jewellery
a: Invent Gizmo, Renounce Religion, Berserk


You were on level 1 of the Dungeon.
You worshipped Trog.
Trog was aware of your devotion.
You visited 1 branch of the dungeon, and saw 1 of its levels.

You collected 13 gold pieces.

Inventory:

Hand Weapons
 a - a +0 mace (weapon) {Bojana}
 c - a +0 dagger (offhand) {Kun}
Armour
 b - a +0 animal skin (worn)
Scrolls
 d - 2 scrolls of identify {unknown}
 g - a scroll of noise {unknown}
Potions
 e - a potion of curing {unknown}
 f - a potion of brilliance {unknown}


   Skills:
 - Level 3.0 Fighting
 + Level 3.2 Maces & Flails
 - Level 1.7 Armour
 - Level 1.7 Dodging


You had one spell level left.
You didn't know any spells.
Your spell library was empty.

Dungeon Overview and Level Annotations

Branches:
Dungeon (1/15)

Altars:


Innate Abilities, Weirdness & Mutations

You can wield a second weapon in your off-hand.
It takes a long time for you to wield or remove held weapons.
Your first few attacks do less damage.
You cannot equip rings or amulets.


Message History

You hit the kobold with your +0 dagger. The kobold hits you with a +0 dagger.
You hit the kobold with your +0 mace.
You kill the kobold!
Trog accepts your kill.
No target in view!
Things that are here:
a +0 dagger; a stone You start resting.
HP restored.
Found a hand axe.
No target in view!
A hobgoblin comes into view.
The hobgoblin shouts!
A quokka comes into view.
You see here a scroll labelled MIESED OHUFF.
There are monsters nearby!
The hobgoblin barely misses you. The quokka bites you.
The quokka attacks as it pursues you! The quokka bites you.
The quokka attacks as it pursues you! The quokka bites you.
You see here a scroll labelled MIESED OHUFF.
g - a scroll labelled MIESED OHUFF The quokka bites you.
* * * LOW HITPOINT WARNING * * *
The hobgoblin hits you.
* * * LOW HITPOINT WARNING * * *
You are too injured to fight recklessly!
You hit the quokka with your +0 mace.
The quokka is severely wounded.
You barely miss the quokka with your +0 dagger.
The quokka closely misses you. The hobgoblin closely misses you.
The quokka barely misses you.
You sock the quokka with your +0 mace!
You kill the quokka!
Trog accepts your kill. The hobgoblin hits you.
* * * LOW HITPOINT WARNING * * *
You have reached level 2!
A red film seems to cover your vision as you go berserk!
You feel yourself moving faster!
You feel mighty! The hobgoblin hits you.
You die...

##.....##
##.......##
#.........#
#.........#
#.........#
#.........#
#.........#
##..).†g.##
#.....@...#
#.........#
#......##.#
#......#
...
#......#
..#
##.....#
....
##....# #.#
######.# #
#......# ##


You could see a hobgoblin.

Vanquished Creatures
  2 goblins (D:1)
  A hobgoblin (D:1)
  A kobold (D:1)
  A quokka (D:1)
  A frilled lizard (D:1)
6 creatures vanquished.

Notes
Turn   | Place    | Note
-------+----------+-------------------------------------------
     0 | D:1      | dolemite99 the Coglin Berserker began the quest for the
                  | Orb.
     0 | D:1      | Reached XP level 1. HP: 18/18 MP: 1/1
   213 | D:1      | Reached XP level 2. HP: 1/24 MP: 2/2
   213 | D:1      | Slain by a hobgoblin

Illustrated notes

Levels and vault maps discovered:
D:1:      nagdon_arrival_double_spiral, layout_rooms, minmay_misc_feat_alley

Skill      XL: |  1 |
---------------+----+-----
Maces & Flails | 3 |  3.2
Fighting       | |  3.0
Armour         | |  1.7
Dodging        | |  1.7

Action                     || total
---------------------------++-------
  Melee: Mace              ||    14
         Dagger            ||    11
 Invoke: Berserk           ||     1
 Armour: Animal skin       ||    13
  Dodge: Dodged            ||    10

Table legend: (Time is in decaauts)
 A = Elapsed time spent in this place.
 B = Non-inter-level travel time spent in this place.
 C = Inter-level travel time spent in this place.
 D = Time resting spent in this place.
 E = Time spent auto-exploring this place.
 F = Levels seen in this place.
 G = Mean time per level.
                   A        B        C        D        E       F      G
               +--------+--------+--------+--------+--------+-----+--------+
         Total |    214 |    214 |      0 |     32 |    131 |   1 |  214.0 |
       Dungeon |    214 |    214 |      0 |     32 |    131 |   1 |  214.0 |
               +--------+--------+--------+--------+--------+-----+--------+

Top non-repeatable levels by time:
     D:1: 214 daAuts
